 Dungeon Crawl Stone Soup version 0.25-a0-930-g9f5dfa9815 (console) character file.

Game seed: 862335929714589954, levelgen mode: deterministic

11673 nht the Grappler (level 11, -3/111 HPs)
             Began as a Troll Transmuter on May 3, 2020.
             Was a High Priest of Wu Jian.
             Shot with an arrow by a centaur (6 damage)
             ... on level 11 of the Dungeon.
             The game lasted 00:24:22 (8679 turns).

nht the Grappler (Troll Transmuter)                 Turns: 8679, Time: 00:24:22

Health: -3/111     AC:  7    Str: 20    XL:     11   Next: 52%
Magic:  11/11      EV: 13    Int: 12    God:    Wu Jian [*****.]
Gold:   457        SH:  0    Dex: 10    Spells: 0/12 levels left

rFire    . . .     SeeInvis .     - Unarmed
rCold    + . .     Gourm    +   (no shield)
rNeg     . . .     Faith    .   b - +1 robe
rPois    .         Spirit   .   (helmet restricted)
rElec    .         Reflect  .   (no cloak)
rCorr    .         Harm     .   (gloves unavailable)
MR       .....                  (boots unavailable)
Stlth    +.........             (no amulet)
HPRegen  0.68/turn              i - +3 ring of evasion
MPRegen  0.12/turn              r - ring of protection from cold

@: studying Long Blades
A: large, unfitting armour, claws 3, fast metabolism 3, gourmand, regeneration
1, shaggy fur 1, tough skin 3
a: Wall Jump, Serpent's Lash, Heavenly Storm, Renounce Religion


You were on level 11 of the Dungeon.
You worshipped Wu Jian.
Wu Jian was extremely pleased with you.
You were very full.

You visited 1 branch of the dungeon, and saw 11 of its levels.
You also visited: Ossuary.

You collected 457 gold pieces.

Inventory:

Missiles
 a - 12 arrows
 l - 23 poisoned darts
 y - 7 curare-tipped darts (quivered)
Armour
 b - a +1 robe (worn)
Jewellery
 i - a +3 ring of evasion (left claw)
 p - an uncursed ring of fire
 r - a ring of protection from cold (right claw)
Wands
 o - a wand of random effects (15)
 u - a wand of polymorph (12)
 x - a wand of flame (16)
 B - a wand of paralysis (7)
 E - a wand of iceblast (13)
Scrolls
 c - 3 scrolls of fog
 e - 4 scrolls of magic mapping
 g - 4 scrolls of remove curse
 h - 5 scrolls of amnesia
 k - 7 scrolls of teleportation
 C - a scroll of enchant weapon
Potions
 f - 7 potions of curing
 j - 3 potions of might
 m - a potion of berserk rage
 n - 3 potions of heal wounds
 q - a potion of invisibility {unknown}
 s - 3 potions of haste
 t - 2 potions of flight
 w - 2 potions of cancellation
 z - 2 potions of stabbing
 D - 2 potions of mutation {unknown}
Books
 A - a manual of Long Blades
Comestibles
 d - 28 rations


   Skills:
 + Level 7.8 Fighting
 - Level 1.5 Dodging
 * Level 13.0 Unarmed Combat
 - Level 1.2 Spellcasting
 + Level 7.2 Transmutations


You couldn't memorise any spells.
You knew the following spells:

 Your Spells              Type           Power        Failure   Level  Hunger
a - Ice Form              Ice/Tmut       #.......     54%         4    #####..
b - Spider Form           Tmut/Pois      #.........   21%         3    ####...
c - Blade Hands           Tmut           ###.......   38%         5    ######.

Your spell library contained the following spells:

 Spells                   Type           Power        Failure   Level  Hunger
 Beastly Appendage        Tmut           ###...       1%          1    ##.....
 Sticks to Snakes         Tmut           ###.....     2%          2    ###....
 Ensorcelled Hibernation  Hex/Ice        #.....       41%         2    ###....
 Petrify                  Tmut/Erth      #.......     54%         4    #####..
 Confusing Touch          Hex            #.......     65%         3    ####...
 Gell's Gravitas          Tloc           #.........   65%         3    ####...
 Yara's Violent Unravell  Hex/Tmut       #.........   88%         5    ######.
 Borgnjor's Vile Clutch   Necr/Erth      #.........   100%        5    ######.
 Metabolic Englaciation   Hex/Ice        #.........   100%        5    ######.
 Silence                  Hex/Air        #.........   100%        5    ######.
 Darkness                 Hex            #.........   100%        6    #######
 Shadow Creatures         Summ           N/A          100%        6    #######


Dungeon Overview and Level Annotations

Branches:
Dungeon (11/15)            Temple (0/1) D:7         Ossuary (visited)
   Lair: D:8-11         Orc: D:9-12

Altars:
Ashenzari
Gozag
Makhleb
Nemelex Xobeh
Trog
Vehumet
Wu Jian
The Shining One

Shops:
D:6 =


Innate Abilities, Weirdness & Mutations

You are too large for most types of armour.
You have claws for hands.
Your metabolism is lightning-fast.
You like to eat raw meat.
Your natural rate of healing is unusually fast.
You are covered in fur. (AC +1)
You have extremely tough skin. (AC +3)


Message History

The two-headed ogre hits you with a cursed -2 giant club.
* * * LOW HITPOINT WARNING * * *
Found 11 gold pieces.
Found a runed spear.
You see here a scroll of amnesia.
Found a stone staircase leading up.
A centaur comes into view.
The centaur shouts!
The centaur wields a +0 shortbow.
The centaur shoots an arrow.
The arrow misses you.
You see here an arrow.
You see here a runed spear.
The centaur shoots an arrow.
The arrow completely misses you.
You see here an arrow.
The centaur shoots an arrow.
The arrow closely misses you.
The two-headed ogre hits you with a +0 giant club!
* * * LOW HITPOINT WARNING * * *
The two-headed ogre barely misses you.
The centaur shoots an arrow.
The arrow hits you.
You die...

...'.......█ ...█.......█
████.......█ ...█.......█
...█.....>.█ ...█.......█
...█.......█
██.█.......███████+████████████
██.██...........@(.....<.......
.█..█.............O....c.......
.█..█...............(..........
█████................)........
██..█.......█████████.....███
....█.......+ █..(..█
....█.......█ █.....+
███+█.......█ █.....██+██
..........███ ████?.....█


You could see a two-headed ogre and a centaur.

Vanquished Creatures
  2 centaur warriors (D:8)
  Pikel (D:6)
  A manticore (D:8)
  Psyche (D:9)
  A rime drake (D:10)
  A torpor snail (shapeshifter) (D:8)
  2 hornets
  Grinder (D:4)
  A hippogriff (D:8)
  5 yaks (D:9)
  A wyvern (D:9)
  4 hogs (D:7)
  A hungry ghost (D:9)
  A human (D:7)
  Edmund (D:6)
  A water moccasin (D:10)
  Duvessa (D:4)
  2 black bears
  3 ice beasts
  4 orc warriors
  6 ogres
  2 phantoms
  4 centaurs
  14 crocodiles
  A big kobold (D:11)
  5 bullfrogs
  A wyvern zombie (D:9)
  Dowan (D:4)
  14 scorpions
  2 killer bees (D:8)
  2 howler monkeys
  6 crimson imps
  A bullfrog zombie (D:7)
  A centaur zombie (Ossuary)
  A human zombie (Ossuary)
  3 orc wizards
  2 bullfrog skeletons
  5 orc priests
  4 hounds
  4 jellies
  7 iguanas
  6 worker ants
  Ijyb (D:4)
  3 big kobold zombies (Ossuary)
  A hound zombie (D:6)
  A hound skeleton (D:11)
  4 mummies
  2 worker ant zombies
  7 gnolls
  9 adders
  3 scorpion zombies (Ossuary)
  2 shadow imps
  An ooze (D:7)
  A worm (D:3)
  5 dart slugs
  7 leopard geckos
  23 orcs
  2 ball pythons
  8 giant cockroaches
  10 goblins
  8 hobgoblins
  6 jackals (D:2)
  3 quokkas
  6 bats
  14 frilled lizards
  A goblin zombie (Ossuary)
  2 hobgoblin zombies (Ossuary)
  13 kobolds
  4 kobold zombies (Ossuary)
  A leopard gecko zombie (D:8)
  2 orc zombies (Ossuary)
  A quokka skeleton (D:4)
  4 rats
282 creatures vanquished.

Vanquished Creatures (others)
  A necrophage (D:7)
  2 slaves (D:6)
  A bullfrog (D:6)
4 creatures vanquished.

Grand Total: 286 creatures vanquished

Notes
Turn   | Place    | Note
-------+----------+-------------------------------------------
     0 | D:1      | nht the Troll Transmuter began the quest for the Orb.
     0 | D:1      | Reached XP level 1. HP: 18/18 MP: 1/1
    71 | D:1      | Reached skill level 1 in Fighting
   173 | D:1      | Reached XP level 2. HP: 27/27 MP: 2/2
   494 | D:1      | Reached XP level 3. HP: 33/33 MP: 3/3
  1157 | D:2      | Reached skill level 4 in Unarmed Combat
  1164 | D:2      | Reached XP level 4. HP: 22/41 MP: 1/4
  1291 | D:2      | Learned a level 3 spell: Spider Form
  1477 | D:2      | Found a shattered altar of Ashenzari.
  1685 | D:3      | Found a faded altar of an unknown god.
  1735 | D:3      | Reached XP level 5. HP: 45/49 MP: 5/5
  1769 | D:3      | Became a worshipper of the Wu Jian Council
  1769 | D:3      | Reached * piety under Wu Jian
  1929 | D:3      | Reached skill level 5 in Unarmed Combat
  2163 | D:4      | Noticed Duvessa
  2164 | D:4      | Noticed Dowan
  2182 | D:4      | Killed Duvessa
  2182 | D:4      | Reached XP level 6. HP: 29/59 MP: 6/6
  2183 | D:4      | Killed Dowan
  2257 | D:4      | Noticed Grinder
  2278 | D:4      | Killed Grinder
  2278 | D:4      | Reached skill level 6 in Unarmed Combat
  2278 | D:4      | Reached XP level 7. HP: 61/67 MP: 7/7
  2303 | D:4      | Noticed Ijyb
  2313 | D:4      | Killed Ijyb
  2446 | D:4      | Reached ** piety under Wu Jian
  2747 | D:5      | Entered Level 5 of the Dungeon
  2783 | D:5      | Found an opulent altar of Gozag.
  2896 | D:5      | Reached skill level 7 in Unarmed Combat
  3027 | D:5      | Reached XP level 8. HP: 78/78 MP: 8/8
  3386 | D:6      | Noticed Pikel
  3389 | D:6      | Noticed Edmund
  3404 | D:6      | Killed Pikel
  3404 | D:6      | Reached skill level 8 in Unarmed Combat
  3417 | D:6      | Killed Edmund
  3839 | D:6      | Found Wuubeph's Jewellery Shop.
  4107 | D:7      | Reached XP level 9. HP: 38/87 MP: 9/9
  4114 | D:7      | Reached skill level 9 in Unarmed Combat
  4146 | D:7      | Reached skill level 5 in Fighting
  4190 | D:7      | Found a sand-covered staircase.
  4197 | Ossuary  | Entered an ossuary
  4248 | Ossuary  | Reached *** piety under Wu Jian
  4303 | Ossuary  | Reached skill level 5 in Transmutations
  4602 | D:7      | Reached skill level 10 in Unarmed Combat
  4681 | D:7      | Found a staircase to the Ecumenical Temple.
  4791 | D:7      | Reached **** piety under Wu Jian
  4791 | D:7      | Reached XP level 10. HP: 14/98 MP: 10/10
  5128 | D:7      | Learned a level 5 spell: Blade Hands
  5418 | D:8      | Reached skill level 11 in Unarmed Combat
  5829 | D:8      | Noticed a centaur warrior
  5839 | D:8      | Noticed a manticore
  5841 | D:8      | Killed a centaur warrior
  5847 | D:8      | Killed a manticore
  5860 | D:8      | Noticed a skeletal warrior
  6073 | D:8      | Noticed a centaur warrior
  6096 | D:8      | Killed a centaur warrior
  6353 | D:8      | Noticed a torpor snail
  6360 | D:8      | Killed a torpor snail
  6360 | D:8      | Reached skill level 12 in Unarmed Combat
  6531 | D:9      | Noticed Psyche
  6541 | D:9      | Killed Psyche
  6541 | D:9      | Reached XP level 11. HP: 80/109 MP: 11/11
  6863 | D:9      | Found a burning altar of Makhleb.
  6863 | D:9      | Noticed an Executioner
  6931 | D:9      | Learned a level 4 spell: Ice Form
  7156 | D:9      | Found a radiant altar of Vehumet.
  7158 | D:9      | Found a bloodstained altar of Trog.
  7158 | D:9      | Found a sparkling altar of Nemelex Xobeh.
  7268 | D:10     | Entered Level 10 of the Dungeon
  7329 | D:10     | Reached ***** piety under Wu Jian
  7960 | D:10     | Reached skill level 13 in Unarmed Combat
  8566 | D:11     | Found a glowing golden altar of the Shining One.
  8662 | D:11     | Noticed a two-headed ogre
  8665 | D:11     | HP: 4/111 [two-headed ogre/+0 giant club (6)]
  8678 | D:11     | HP: 2/111 [two-headed ogre/+0 giant club (10)]
  8679 | D:11     | Shot with an arrow by a centaur

Levels and vault maps discovered:
D:1:      mrwooster_arrival_statue, layout_loops_corners, minmay_box_of_dots
D:2:      layout_basic, evilmike_ruin_ashenzari
D:3:      layout_rooms, first_ration, chequers_ecumenical_altar_simple_redux,
          minmay_misc_feat_chi
D:4:      layout_rooms, uniq_grinder, uniq_duvessa, uniq_ijyb
D:5:      layout_loops_ring, grunt_gozag_breadcrumbs
D:6:      layout_gridville, serial_shops,
          nicolae_shop_competitors_out_of_business, uniq_pikel, uniq_edmund
D:7:      layout_basic, minmay_temple_entry_tees, gup_ossuary_entry_pyramid,
          nicolae_benzene_ring, grunt_livestock, minmay_manual_mail
D:8:      layout_rooms, minmay_evil_grid
D:9:      layout_basic, makhleb_altar_promises_db,
          grunt_temple_overflow_diamond, uniq_psyche
D:10:     lemuel_reptile_caves, layout_basic
D:11:     layout_gridville, dpeg_lair_monsters, minmay_orc_entry_guard_dogs,
          basic_altar, minmay_misc_feat_alley

Skill      XL: |  1  2  3  4  5  6  7  8  9 10 11 |
---------------+----------------------------------+-----
Fighting       | 1 2 3 4 6 7 |  7.8
Unarmed Combat | 4 5 6 7 8 10 12 13 | 13.0
Transmutations | 2 3 4 5 6 7 |  7.2
Dodging        | |  1.5
Spellcasting   | |  1.2

Action                   |  1- 3 |  4- 6 |  7- 9 | 10-12 || total
-------------------------+-------+-------+-------+-------++-------
Melee: Unarmed           |   109 |    74 |   308 |   366 ||   857
       Kick              |     4 |     2 |       |       ||     6
       Punch             |       |     1 |    17 |    15 ||    33
Throw: Dart              |       |       |       |     3 ||     3
 Cast: Beastly Appendage |     1 |       |       |       ||     1
       Spider Form       |       |       |       |     2 ||     2
       Blade Hands       |       |       |       |     1 ||     1
Invok: Lunge             |       |     3 |    32 |    39 ||    74
       Whirlwind         |       |       |    44 |    34 ||    78
 Abil: Wall Jump         |       |       |     3 |       ||     3
Evoke: Wand              |       |     8 |     8 |    54 ||    70
  Use: Potion            |     3 |       |       |     3 ||     6
       Scroll            |       |     3 |     7 |    12 ||    22
 Stab: Sleeping          |       |     1 |     1 |     1 ||     3
       Paralysed         |       |       |     7 |     6 ||    13
  Eat: Chunk             |    16 |    10 |    23 |    42 ||    91
Armor: Robe              |    28 |     9 |    40 |    44 ||   121
Dodge: Dodged            |    60 |    35 |   148 |   148 ||   391

Table legend:
 A = Non-vault XP
 B = Vault XP
 C = Vault XP percentage of total XP
 D = Non-vault monster count
 E = Vault monster count
 F = Vault count percentage of total count
                 A         B        C        D         E       F
            +---------+---------+-------+---------+---------+-------
      Total |    7421 |    9256 |  55.5 |     192 |      91 |  32.2
            +---------+---------+-------+---------+---------+-------
        D:1 |      48 |       1 |   2.0 |      25 |       1 |   3.8
        D:2 |      95 |       0 |   0.0 |      22 |       0 |   0.0
        D:3 |     173 |       0 |   0.0 |      17 |       0 |   0.0
        D:4 |     243 |     523 |  68.3 |       9 |       4 |  30.8
        D:5 |     463 |       0 |   0.0 |      11 |       0 |   0.0
        D:6 |     301 |     724 |  70.6 |      12 |       2 |  14.3
        D:7 |    1160 |    1455 |  55.6 |      23 |      11 |  32.4
        D:8 |    1263 |    3078 |  70.9 |      21 |       8 |  27.6
        D:9 |    2403 |     439 |  15.4 |      21 |       1 |   4.5
       D:10 |     966 |    1992 |  67.3 |      20 |      33 |  62.3
       D:11 |     306 |       0 |   0.0 |      11 |       0 |   0.0
    Ossuary |       0 |    1044 | 100.0 |       0 |      31 | 100.0
            +---------+---------+-------+---------+---------+-------
